XFBL
NEW YORK YANKEES @ MINNESOTA TWINS
05/28/1982
 
TOP OF THE 1ST
New York Yankees batting - Pitching for Minnesota Twins : LHP Mauricio Valdivia
Pitching: LHP Mauricio Valdivia
Batting: SHB Jerry Manuel 0-0: Ball
1-0: Foul Ball, location: 2F
1-1: Ball
2-1: Swinging Strike
2-2: Strikes out looking
Batting: RHB Pedro Guerrero 0-0: Ball
1-0: Ground out 6-3 (Groundball, 6, EV 87.5 MPH)
Batting: LHB Kent Hrbek 0-0: Ball
1-0: Ball
2-0: Ball
3-0: Fly out, F9 (Line Drive, 9, EV 90.0 MPH)
Top of the 1st over - 0 runs, 0 hits, 0 errors, 0 left on base; New York 0 - Minnesota 0
BOTTOM OF THE 1ST
Minnesota Twins batting - Pitching for New York Yankees : RHP Mike Parrott
Pitching: RHP Mike Parrott
Batting: RHB Lee Lacy 0-0: Called Strike
0-1: Ball
1-1: Swinging Strike
1-2: Strikes out swinging
Batting: RHB Steve Brye 0-0: Called Strike
0-1: Ball
1-1: Ball
2-1: Ground out 4-3 (Groundball, 4, EV 88.8 MPH)
Batting: RHB Matt Cooper 0-0: Ball
1-0: Ground out 6-3 (Groundball, P, EV 82.5 MPH)
Bottom of the 1st over - 0 runs, 0 hits, 0 errors, 0 left on base; New York 0 - Minnesota 0
TOP OF THE 2ND
New York Yankees batting - Pitching for Minnesota Twins : LHP Mauricio Valdivia
Batting: LHB Wade Boggs 0-0: Called Strike
0-1: Swinging Strike
0-2: Ball
1-2: Fly out, F7 (Flyball, 7LS, EV 81.3 MPH)
Batting: LHB George Kaage 0-0: Ball
1-0: Called Strike
1-1: Called Strike
1-2: Strikes out swinging
Batting: RHB Emanuel Cortez 0-0: Foul Ball, location: 2F
0-1: Called Strike
0-2: Ball
1-2: Foul Ball, location: 2F
1-2: Foul Ball, location: 2F
1-2: Ball
2-2: Foul Ball, location: 2F
2-2: Ground out 4-3 (Groundball, 4M, EV 88.8 MPH)
Top of the 2nd over - 0 runs, 0 hits, 0 errors, 0 left on base; New York 0 - Minnesota 0
BOTTOM OF THE 2ND
Minnesota Twins batting - Pitching for New York Yankees : RHP Mike Parrott
Batting: RHB Randy Edwards 0-0: Foul Ball, location: 2F
0-1: Ground out 4-3 (Groundball, 4, EV 83.8 MPH)
Batting: RHB Larry Hisle 0-0: Called Strike
0-1: Fly out, F8 (Flyball, 8RXD, EV 89.4 MPH)
Batting: RHB George Foster 0-0: SINGLE (Flyball, 78S, EV 92.5 MPH)
Batting: RHB Chet Lemon 0-0: Swinging Strike
0-1: Hit by Pitch
George Foster to second
Batting: RHB Brook Jacoby 0-0: Ball
1-0: Called Strike
1-1: 3-RUN HOME RUN (Flyball, 7LD, EV 104.4 MPH), Distance : 372 ft
Batting: LHB Ken Oberkfell 0-0: Called Strike
0-1: Foul Ball, location: 2F
0-2: Ball
1-2: Foul Ball, location: 2F
1-2: Fly out, F8 (Line Drive, 8LD, EV 91.9 MPH)
Bottom of the 2nd over - 3 runs, 2 hits, 0 errors, 0 left on base; New York 0 - Minnesota 3
TOP OF THE 3RD
New York Yankees batting - Pitching for Minnesota Twins : LHP Mauricio Valdivia
Batting: SHB Tim Raines 0-0: Called Strike
0-1: Ball
1-1: Ball
2-1: Called Strike
2-2: Ball
3-2: Fly out, F6 (Flyball, 56D, EV 78.1 MPH)
Batting: RHB David Hall 0-0: Ball
1-0: Ball
2-0: Ground out 5-3 (Groundball, 56S, EV 83.1 MPH)
Batting: LHB Ron Hassey 0-0: Ball
1-0: Ball
2-0: Ball
3-0: Called Strike
3-1: Foul Ball, location: 2F
3-2: Fly out, F3 (Flyball, 3D, EV 91.9 MPH)
Top of the 3rd over - 0 runs, 0 hits, 0 errors, 0 left on base; New York 0 - Minnesota 3
BOTTOM OF THE 3RD
Minnesota Twins batting - Pitching for New York Yankees : RHP Mike Parrott
Batting: RHB Lee Lacy 0-0: Ball
1-0: Called Strike
1-1: Ground out 5-3 (Groundball, 5L, EV 83.8 MPH)
Batting: RHB Steve Brye 0-0: Ball
1-0: Ball
2-0: Ball
3-0: Base on Balls
Batting: RHB Matt Cooper 0-0: Ball
1-0: Called Strike
1-1: Foul Ball, location: 2F
1-2: Foul Ball, location: 2F
1-2: Ball
2-2: Fly out, F7 (Flyball, 7, EV 89.4 MPH)
Batting: RHB Randy Edwards 0-0: Ball
1-0: Swinging Strike
1-1: Ball
2-1: Ball
3-1: SINGLE (Line Drive, 9LS, EV 97.5 MPH)
Steve Brye to second
Runner from 2nd tries for 3rd, SAFE, throw by RF made to third
Batting: RHB Larry Hisle 0-0: Ball
1-0: Ball
2-0: Foul Ball, location: 2F
2-1: Swinging Strike
2-2: Ball
3-2: Foul Ball, location: 2F
3-2: Fly out, F8 (Flyball, 8LM, EV 88.1 MPH)
Bottom of the 3rd over - 0 runs, 1 hit, 0 errors, 2 left on base; New York 0 - Minnesota 3
TOP OF THE 4TH
New York Yankees batting - Pitching for Minnesota Twins : LHP Mauricio Valdivia
Batting: SHB Jerry Manuel 0-0: Called Strike
0-1: Ground out 4-3 (Groundball, 4, EV 84.4 MPH)
Batting: RHB Pedro Guerrero 0-0: Called Strike
0-1: Swinging Strike
0-2: Ball
1-2: Foul Ball, location: 2F
1-2: SINGLE (Groundball, 5D, EV 98.8 MPH)
Batting: LHB Kent Hrbek 0-0: Ball
1-0: Called Strike
1-1: DOUBLE (Line Drive, 89D, EV 103.8 MPH)
Pedro Guerrero to third
Runner from 3rd tries for Home, SAFE, throw by CF to trailing runner, SAFE at third!
Batting: LHB Wade Boggs 0-0: Called Strike
0-1: Ball
1-1: Fly out, F7 (Flyball, 7, EV 83.1 MPH)
Runner from 3rd tags up, SCORES, throw by LF
Batting: LHB George Kaage 0-0: Called Strike
0-1: Ground out U3 (Groundball, 3, EV 83.8 MPH)
Top of the 4th over - 2 runs, 2 hits, 0 errors, 0 left on base; New York 2 - Minnesota 3
BOTTOM OF THE 4TH
Minnesota Twins batting - Pitching for New York Yankees : RHP Mike Parrott
Batting: RHB George Foster 0-0: Ball
1-0: Ball
2-0: SOLO HOME RUN (Flyball, 7D, EV 106.9 MPH), Distance : 381 ft
Batting: RHB Chet Lemon 0-0: Called Strike
0-1: Ball
1-1: Foul Ball, location: 2F
1-2: Strikes out looking
Batting: RHB Brook Jacoby 0-0: Ball
1-0: Called Strike
1-1: Ball
2-1: Foul Ball, location: 2F
2-2: Ball
3-2: Base on Balls
Batting: LHB Ken Oberkfell 0-0: Ball
1-0: Ball
2-0: Ball
Brook Jacoby is caught stealing 2nd base 2-6
3-0: Called Strike
3-1: Called Strike
3-2: Fly out, F7 (Line Drive, 7, EV 91.9 MPH)
Bottom of the 4th over - 1 run, 1 hit, 0 errors, 0 left on base; New York 2 - Minnesota 4
TOP OF THE 5TH
New York Yankees batting - Pitching for Minnesota Twins : LHP Mauricio Valdivia
Batting: RHB Emanuel Cortez 0-0: Called Strike
0-1: Fly out, F8 (Flyball, 89XD, EV 91.3 MPH)
Batting: SHB Tim Raines 0-0: Ball
1-0: Called Strike
1-1: Foul Ball, location: 2F
1-2: Fly out, F9 (Flyball, 9, EV 90.6 MPH)
Batting: RHB David Hall 0-0: Ball
1-0: Fly out, F3 (Popup, 3SF, EV 89.4 MPH)
Top of the 5th over - 0 runs, 0 hits, 0 errors, 0 left on base; New York 2 - Minnesota 4
BOTTOM OF THE 5TH
Minnesota Twins batting - Pitching for New York Yankees : RHP Mike Parrott
Batting: RHB Lee Lacy 0-0: Swinging Strike
0-1: Ball
1-1: Ball
2-1: Foul Ball, location: 2F
2-2: Foul Ball, location: 2F
2-2: Foul Ball, location: 2F
2-2: Ball
3-2: Foul Ball, location: 2F
3-2: Strikes out swinging
Batting: RHB Steve Brye 0-0: Ball
1-0: Swinging Strike
1-1: Ball
2-1: Ball
3-1: Called Strike
3-2: Strikes out swinging
Batting: RHB Matt Cooper 0-0: Ball
1-0: Foul Ball, location: 2F
1-1: Foul Ball, location: 2F
1-2: Hit by Pitch
Batting: RHB Randy Edwards 0-0: Foul Ball, location: 2F
0-1: Ball
1-1: Called Strike
1-2: Foul Ball, location: 2F
1-2: Ball
2-2: Foul Ball, location: 2F
2-2: Foul Ball, location: 2F
2-2: Fly out, F9 (Line Drive, 9, EV 93.8 MPH)
Bottom of the 5th over - 0 runs, 0 hits, 0 errors, 1 left on base; New York 2 - Minnesota 4
TOP OF THE 6TH
New York Yankees batting - Pitching for Minnesota Twins : LHP Mauricio Valdivia
Batting: LHB Ron Hassey 0-0: Ball
1-0: Ball
2-0: Swinging Strike
2-1: Ball
3-1: Swinging Strike
3-2: Strikes out swinging
Batting: SHB Jerry Manuel 0-0: Called Strike
0-1: Hit by Pitch
Batting: RHB Pedro Guerrero 0-0: Called Strike
Jerry Manuel steals 2nd base (no throw)
0-1: Ball
Jerry Manuel steals 3rd base
1-1: Fly out, F9 (Flyball, 9, EV 76.3 MPH)
Runner from 3rd tags up, SCORES, throw by RF
Batting: LHB Kent Hrbek 0-0: Foul Ball, location: 2F
0-1: Ball
1-1: Fly out, F6 (Popup, 6, EV 61.9 MPH)
Top of the 6th over - 1 run, 0 hits, 0 errors, 0 left on base; New York 3 - Minnesota 4
BOTTOM OF THE 6TH
Minnesota Twins batting - Pitching for New York Yankees : RHP Mike Parrott
Batting: RHB Larry Hisle 0-0: SINGLE (Line Drive, 8RS, EV 108.1 MPH)
Batting: RHB George Foster 0-0: Ball
Wild Pitch!
Larry Hisle to second
1-0: Called Strike
1-1: Foul Ball, location: 2F
1-2: Strikes out looking
Batting: RHB Chet Lemon 0-0: Called Strike
0-1: Ball
1-1: Ball
2-1: Fly out, F8 (Flyball, 89M, EV 93.1 MPH)
Batting: RHB Brook Jacoby 0-0: Intentional Walk
Batting: LHB Ken Oberkfell 0-0: Called Strike
0-1: Ball
1-1: Fly out, F7 (Flyball, 7LM, EV 85.6 MPH)
Bottom of the 6th over - 0 runs, 1 hit, 0 errors, 2 left on base; New York 3 - Minnesota 4
TOP OF THE 7TH
New York Yankees batting - Pitching for Minnesota Twins : LHP Mauricio Valdivia
Batting: LHB Wade Boggs 0-0: Foul Ball, location: 2F
0-1: Fly out, F7 (Line Drive, 7, EV 93.1 MPH)
Batting: LHB George Kaage 0-0: Ball
1-0: Called Strike
1-1: Foul Ball, location: 2F
1-2: Ball
2-2: Foul Ball, location: 2F
2-2: Fly out, F8 (Flyball, 89D, EV 106.3 MPH)
Batting: RHB Emanuel Cortez 0-0: SINGLE (Groundball, 4MD, EV 95.0 MPH)
Batting: SHB Tim Raines 0-0: Called Strike
Emanuel Cortez steals 2nd, throwing error, E2
Emanuel Cortez to third
0-1: Swinging Strike
0-2: Foul Ball, location: 2F
0-2: Strikes out swinging
Top of the 7th over - 0 runs, 1 hit, 1 error, 1 left on base; New York 3 - Minnesota 4
BOTTOM OF THE 7TH
Minnesota Twins batting - Pitching for New York Yankees : RHP Mike Parrott
Batting: RHB Lee Lacy 0-0: Fly out, F8 (Flyball, 78M, EV 88.8 MPH)
Batting: RHB Steve Brye 0-0: Called Strike
0-1: Swinging Strike
0-2: Ball
1-2: Foul Ball, location: 2F
1-2: Ball
2-2: Foul Ball, location: 2F
2-2: Strikes out swinging
Batting: RHB Matt Cooper 0-0: Ground out 6-3 (Groundball, 56, EV 83.1 MPH)
Bottom of the 7th over - 0 runs, 0 hits, 0 errors, 0 left on base; New York 3 - Minnesota 4
TOP OF THE 8TH
New York Yankees batting - Pitching for Minnesota Twins : LHP Mauricio Valdivia
Now at C: Tom Brown
Now at 2B: Taylor Duncan
Batting: RHB David Hall 0-0: Ball
1-0: Ball
2-0: Called Strike
2-1: Ball
3-1: Ground out 6-3 (Groundball, 6S, EV 80.0 MPH)
Batting: LHB Ron Hassey 0-0: Ball
1-0: Ball
2-0: Called Strike
2-1: SINGLE (Groundball, 6MD, EV 93.8 MPH)
Pitching: RHP Stephen Fuller
Batting: SHB Jerry Manuel 0-0: Ball
1-0: Ground out 4-3 (Groundball, 4M, EV 94.4 MPH)
Ron Hassey to second
Batting: RHB Pedro Guerrero 0-0: Ball
1-0: Called Strike
1-1: Foul Ball, location: 2F
1-2: Ground out 6-3 (Groundball, 6, EV 103.8 MPH)
Top of the 8th over - 0 runs, 1 hit, 0 errors, 1 left on base; New York 3 - Minnesota 4
BOTTOM OF THE 8TH
Minnesota Twins batting - Pitching for New York Yankees : RHP Mike Parrott
Batting: RHB Randy Edwards 0-0: Ball
1-0: Fly out, F8 (Flyball, 8LXD, EV 101.9 MPH)
Batting: RHB Larry Hisle 0-0: Ball
1-0: Called Strike
1-1: Called Strike
1-2: Ball
2-2: Foul Ball, location: 2F
2-2: Foul Ball, location: 2F
2-2: Strikes out swinging
Batting: RHB George Foster 0-0: Ball
1-0: Called Strike
1-1: Foul Ball, location: 2F
1-2: Strikes out swinging
Bottom of the 8th over - 0 runs, 0 hits, 0 errors, 0 left on base; New York 3 - Minnesota 4
TOP OF THE 9TH
New York Yankees batting - Pitching for Minnesota Twins : RHP Stephen Fuller
Batting: LHB Kent Hrbek 0-0: SOLO HOME RUN (Flyball, 89XD, EV 105.0 MPH), Distance : 377 ft
Batting: LHB Wade Boggs 0-0: Ball
1-0: Called Strike
1-1: Ball
2-1: Ground out U3 (Groundball, 34, EV 95.6 MPH)
Batting: LHB George Kaage 0-0: Called Strike
0-1: Fly out, F5 (Popup, 56S, EV 75.0 MPH)
Batting: RHB Emanuel Cortez 0-0: Ball
1-0: Called Strike
1-1: Ball
2-1: Fly out, F8 (Flyball, 89D, EV 90.6 MPH)
Top of the 9th over - 1 run, 1 hit, 0 errors, 0 left on base; New York 4 - Minnesota 4
BOTTOM OF THE 9TH
Minnesota Twins batting - Pitching for New York Yankees : RHP Mike Parrott
Pitching: RHP Camilo Aprgio
Batting: RHB Chet Lemon 0-0: Called Strike
0-1: Foul Ball, location: 2F
0-2: SINGLE (Line Drive, 7LM, EV 106.3 MPH)
Batting: RHB Tom Brown 0-0: Bunted foul
0-1: Ball
1-1: Bunted foul
1-2: Fielders Choice at 2nd, 4-6 (Groundball, 4M, EV 79.4 MPH)
Pinch Hitting: SHB Jerry Mumphrey 0-0: Ball
1-0: Called Strike
1-1: Swinging Strike
1-2: Grounds into double play, 6-4-3 (Groundball, 6, EV 81.9 MPH)
Bottom of the 9th over - 0 runs, 1 hit, 0 errors, 0 left on base; New York 4 - Minnesota 4
TOP OF THE 10TH
New York Yankees batting - Pitching for Minnesota Twins : RHP Stephen Fuller
Now at 2B: Tony Bernazard
Batting: SHB Tim Raines 0-0: Ball
1-0: Ball
2-0: Ground out 4-3 (Groundball, 4, EV 103.1 MPH)
Batting: RHB David Hall 0-0: Ball
1-0: Ball
2-0: Called Strike
2-1: Foul Ball, location: 2F
2-2: Ball
3-2: Ground out 1-3 (Groundball, 13, EV 73.1 MPH)
Batting: LHB Ron Hassey 0-0: Ball
1-0: Foul Ball, location: 2F
1-1: Foul Ball, location: 2F
1-2: Ball
2-2: SINGLE (Groundball, 6D, EV 94.4 MPH)
Batting: SHB Jerry Manuel 0-0: Called Strike
0-1: Fielders Choice at 2nd, 5-4 (Groundball, 56, EV 84.4 MPH)
Top of the 10th over - 0 runs, 1 hit, 0 errors, 1 left on base; New York 4 - Minnesota 4
BOTTOM OF THE 10TH
Minnesota Twins batting - Pitching for New York Yankees : RHP Camilo Aprgio
Batting: RHB Lee Lacy 0-0: Ball
1-0: Called Strike
1-1: Ball
2-1: Called Strike
2-2: Fly out, F7 (Line Drive, 7, EV 94.4 MPH)
Batting: RHB Steve Brye 0-0: Ball
1-0: Swinging Strike
1-1: DOUBLE (Line Drive, 78XD, EV 111.9 MPH)
Batting: RHB Taylor Duncan 0-0: Swinging Strike
0-1: Ball
1-1: Foul Ball, location: 2F
1-2: Strikes out swinging
Batting: RHB Randy Edwards 0-0: Intentional Walk
Batting: RHB Larry Hisle 0-0: Ground out 4-3 (Groundball, 4, EV 84.4 MPH)
Bottom of the 10th over - 0 runs, 1 hit, 0 errors, 2 left on base; New York 4 - Minnesota 4
TOP OF THE 11TH
New York Yankees batting - Pitching for Minnesota Twins : RHP Stephen Fuller
Batting: RHB Pedro Guerrero 0-0: Foul Ball, location: 2F
0-1: Ball
1-1: Called Strike
1-2: Ball
2-2: Ball
3-2: Strikes out swinging
Batting: LHB Kent Hrbek 0-0: SINGLE (Groundball, 34D, EV 98.1 MPH)
Batting: LHB Wade Boggs 0-0: Called Strike
0-1: Fly out, F8 (Flyball, 8RS, EV 89.4 MPH)
Pitching: LHP Tom Hall
Batting: LHB George Kaage 0-0: Ball
1-0: Called Strike
1-1: Ball
2-1: Foul Ball, location: 2F
2-2: Ball
3-2: Foul Ball, location: 2F
3-2: Foul Ball, location: 2F
3-2: Ground out 1-3 (Groundball, 25, EV 76.3 MPH)
Top of the 11th over - 0 runs, 1 hit, 0 errors, 1 left on base; New York 4 - Minnesota 4
BOTTOM OF THE 11TH
Minnesota Twins batting - Pitching for New York Yankees : RHP Camilo Aprgio
Batting: RHB George Foster 0-0: Ball
1-0: Called Strike
1-1: Ball
2-1: Ball
3-1: Swinging Strike
3-2: Foul Ball, location: 2F
3-2: Base on Balls
Batting: RHB Chet Lemon 0-0: Bunt missed!
0-1: Sac Bunt to 5S - play at first, batter OUT! 5-4
George Foster to second
Batting: RHB Tom Brown 0-0: Fly out, F2 (Popup, 2RF, EV 88.1 MPH)
Batting: SHB Tony Bernazard 0-0: Called Strike
0-1: Fly out, F8 (Flyball, 8RXD, EV 93.8 MPH)
Bottom of the 11th over - 0 runs, 0 hits, 0 errors, 1 left on base; New York 4 - Minnesota 4
TOP OF THE 12TH
New York Yankees batting - Pitching for Minnesota Twins : LHP Tom Hall
Batting: RHB Emanuel Cortez 0-0: Ground out 1-3 (Groundball, 34S, EV 71.9 MPH)
Batting: SHB Tim Raines 0-0: Called Strike
0-1: Called Strike
0-2: Ball
1-2: Ball
2-2: Ball
3-2: Foul Ball, location: 2F
3-2: Strikes out swinging
Batting: RHB David Hall 0-0: Foul Ball, location: 2F
0-1: Called Strike
0-2: Strikes out swinging
Top of the 12th over - 0 runs, 0 hits, 0 errors, 0 left on base; New York 4 - Minnesota 4
BOTTOM OF THE 12TH
Minnesota Twins batting - Pitching for New York Yankees : RHP Camilo Aprgio
Batting: RHB Lee Lacy 0-0: Called Strike
0-1: Ball
1-1: SINGLE (Line Drive, 4D, EV 95.6 MPH)
Batting: RHB Steve Brye 0-0: Ball
1-0: Foul Ball, location: 2F
1-1: Swinging Strike
1-2: Foul Ball, location: 2F
1-2: Foul Ball, location: 2F
1-2: Fielders Choice at 2nd, 5-4 (Groundball, 56, EV 83.8 MPH)
Batting: RHB Taylor Duncan 0-0: Called Strike
0-1: Called Strike
0-2: Foul Ball, location: 2F
0-2: Ball
1-2: Ball
2-2: Strikes out swinging
Pitching: RHP Manny Sarmiento
Batting: RHB Randy Edwards 0-0: Ball
1-0: Swinging Strike
Steve Brye is caught stealing 2nd base 2-4
Bottom of the 12th over - 0 runs, 1 hit, 0 errors, 0 left on base; New York 4 - Minnesota 4
TOP OF THE 13TH
New York Yankees batting - Pitching for Minnesota Twins : LHP Tom Hall
Batting: LHB Ron Hassey 0-0: Called Strike
0-1: Swinging Strike
0-2: Foul Ball, location: 2F
0-2: Foul Ball, location: 2F
0-2: Ball
1-2: Fly out, F5 (Popup, 56S, EV 80.0 MPH)
Batting: SHB Jerry Manuel 0-0: Ball
1-0: Ball
2-0: Ball
3-0: Base on Balls
Batting: RHB Pedro Guerrero 0-0: Ball
1-0: Ball
2-0: Foul Ball, location: 2F
2-1: Fly out, F8 (Line Drive, 8RM, EV 90.6 MPH)
Batting: LHB Kent Hrbek 0-0: Called Strike
0-1: Ball
Jerry Manuel steals 2nd base
1-1: Ball
2-1: Called Strike
2-2: Strikes out swinging
Top of the 13th over - 0 runs, 0 hits, 0 errors, 1 left on base; New York 4 - Minnesota 4
BOTTOM OF THE 13TH
Minnesota Twins batting - Pitching for New York Yankees : RHP Manny Sarmiento
Batting: RHB Randy Edwards 0-0: Called Strike
0-1: Fly out, F6 (Popup, 6S, EV 60.0 MPH)
Batting: RHB Larry Hisle 0-0: Ground out 6-3 (Groundball, 6M, EV 105.0 MPH)
Batting: RHB George Foster 0-0: Foul Ball, location: 2F
0-1: Ball
1-1: Foul Ball, location: 2F
1-2: Ball
2-2: Strikes out looking
Bottom of the 13th over - 0 runs, 0 hits, 0 errors, 0 left on base; New York 4 - Minnesota 4
TOP OF THE 14TH
New York Yankees batting - Pitching for Minnesota Twins : LHP Tom Hall
Batting: LHB Wade Boggs 0-0: Ball
1-0: Ground out 5-3 (Groundball, 56S, EV 91.9 MPH)
Batting: LHB George Kaage 0-0: Called Strike
0-1: Ball
1-1: Foul Ball, location: 2F
1-2: Ball
2-2: Foul Ball, location: 2F
2-2: Foul Ball, location: 2F
2-2: Ball
3-2: SINGLE (Line Drive, 7LS, EV 88.1 MPH)
Pitching: RHP Scott Brown
Batting: RHB Emanuel Cortez 0-0: Fly out, F9 (Flyball, 9D, EV 84.4 MPH)
Batting: SHB Tim Raines 0-0: Called Strike
0-1: SINGLE (Line Drive, 56, EV 94.4 MPH)
George Kaage to second
Batting: RHB David Hall 0-0: Fielders Choice at 2nd, 5-4 (Groundball, 56, EV 88.1 MPH)
Top of the 14th over - 0 runs, 2 hits, 0 errors, 2 left on base; New York 4 - Minnesota 4
BOTTOM OF THE 14TH
Minnesota Twins batting - Pitching for New York Yankees : RHP Manny Sarmiento
Batting: RHB Chet Lemon 0-0: Ball
1-0: Fly out, F7 (Flyball, 78D, EV 106.9 MPH)
Batting: RHB Tom Brown 0-0: Ball
1-0: Called Strike
1-1: Called Strike
1-2: Ground out 4-3 (Groundball, 4M, EV 99.4 MPH)
Batting: SHB Tony Bernazard 0-0: Ground out 5-3 (Groundball, 5S, EV 72.5 MPH)
Bottom of the 14th over - 0 runs, 0 hits, 0 errors, 0 left on base; New York 4 - Minnesota 4
TOP OF THE 15TH
New York Yankees batting - Pitching for Minnesota Twins : RHP Scott Brown
Batting: LHB Ron Hassey 0-0: Ground out 4-3 (Groundball, 4M, EV 105.0 MPH)
Batting: SHB Jerry Manuel 0-0: Ground out U3 (Groundball, 3, EV 98.8 MPH)
Batting: RHB Pedro Guerrero 0-0: Ball
1-0: Foul Ball, location: 2F
1-1: Ground out 6-3 (Groundball, 6, EV 84.4 MPH)
Top of the 15th over - 0 runs, 0 hits, 0 errors, 0 left on base; New York 4 - Minnesota 4
BOTTOM OF THE 15TH
Minnesota Twins batting - Pitching for New York Yankees : RHP Manny Sarmiento
Batting: RHB Lee Lacy 0-0: Ball
1-0: Fly out, F8 (Flyball, 8RS, EV 88.8 MPH)
Batting: RHB Steve Brye 0-0: Ball
1-0: Foul Ball, location: 2F
1-1: Foul Ball, location: 2F
1-2: Ball
2-2: Foul Ball, location: 2F
2-2: Foul Ball, location: 2F
2-2: Ball
3-2: Fly out, F7 (Line Drive, 7D, EV 90.6 MPH)
Batting: RHB Taylor Duncan 0-0: Called Strike
0-1: Foul Ball, location: 2F
0-2: Strikes out swinging
Bottom of the 15th over - 0 runs, 0 hits, 0 errors, 0 left on base; New York 4 - Minnesota 4
TOP OF THE 16TH
New York Yankees batting - Pitching for Minnesota Twins : RHP Scott Brown
Batting: LHB Kent Hrbek 0-0: Foul Ball, location: 2F
0-1: Ball
1-1: Called Strike
1-2: Foul Ball, location: 2F
1-2: Foul Ball, location: 2F
1-2: Foul Ball, location: 2F
1-2: Ball
2-2: Ball
3-2: Fly out, F8 (Flyball, 8LXD, EV 111.9 MPH)
Batting: LHB Wade Boggs 0-0: Ball
1-0: Swinging Strike
1-1: Ball
2-1: Ground out 6-3 (Groundball, 6, EV 105.0 MPH)
Batting: LHB George Kaage 0-0: Ball
1-0: Foul Ball, location: 2F
1-1: Fly out, F9 (Line Drive, 9, EV 106.9 MPH)
Top of the 16th over - 0 runs, 0 hits, 0 errors, 0 left on base; New York 4 - Minnesota 4
BOTTOM OF THE 16TH
Minnesota Twins batting - Pitching for New York Yankees : RHP Manny Sarmiento
Batting: RHB Randy Edwards 0-0: Fly out, F3 (Flyball, 34D, EV 85.6 MPH)
Batting: RHB Larry Hisle 0-0: Ball
1-0: Ball
2-0: Called Strike
2-1: Swinging Strike
2-2: Strikes out swinging
Batting: RHB George Foster 0-0: Ball
1-0: Ball
2-0: Ball
3-0: Base on Balls
Pitching: LHP Jose Paz
Batting: RHB Chet Lemon 0-0: Fly out, F7 (Flyball, 7D, EV 85.0 MPH)
Bottom of the 16th over - 0 runs, 0 hits, 0 errors, 1 left on base; New York 4 - Minnesota 4
TOP OF THE 17TH
New York Yankees batting - Pitching for Minnesota Twins : RHP Scott Brown
Batting: RHB Emanuel Cortez 0-0: Ball
1-0: Reached on error, E6 (Groundball, 56, EV 94.4 MPH)
Batting: SHB Tim Raines 0-0: Intentional Walk
Batting: RHB David Hall 0-0: Called Strike
0-1: Swinging Strike
0-2: Ball
1-2: Ball
2-2: Ball
3-2: Ground out 3-1 (Groundball, 13, EV 81.9 MPH)
Emanuel Cortez to third
Tim Raines to second
Pitching: RHP Fred Breining
Batting: LHB Ron Hassey 0-0: Foul Ball, location: 2F
0-1: Ball
1-1: Fly out, F9 (Line Drive, 9, EV 87.5 MPH)
Runner from 3rd tags up, SCORES, no throw by RF
Batting: SHB Jerry Manuel 0-0: Called Strike
0-1: Ball
1-1: Swinging Strike
1-2: Foul Ball, location: 2F
1-2: Foul Ball, location: 2F
1-2: Strikes out swinging
Top of the 17th over - 1 run, 0 hits, 1 error, 1 left on base; New York 5 - Minnesota 4
BOTTOM OF THE 17TH
Minnesota Twins batting - Pitching for New York Yankees : LHP Jose Paz
Now in CF: Larry Hyman
Batting: RHB Tom Brown 0-0: Ball
1-0: Foul Ball, location: 2F
1-1: Foul Ball, location: 2F
1-2: Ball
2-2: Ball
3-2: Foul Ball, location: 2F
3-2: Foul Ball, location: 2F
3-2: Base on Balls
Batting: SHB Tony Bernazard 0-0: Ball
1-0: Ball
2-0: Sac Bunt to 2R - play at second, runner OUT! 2-6
Batting: RHB Lee Lacy 0-0: Called Strike
0-1: Ball
1-1: Called Strike
1-2: Strikes out swinging
Batting: RHB Steve Brye 0-0: Foul Ball, location: 2F
0-1: SINGLE (Line Drive, 7S, EV 106.3 MPH)
Tony Bernazard to second
Runner from 2nd tries for 3rd, SAFE, throw by LF made to third
Batting: RHB Taylor Duncan 0-0: Ball
1-0: Ball
2-0: Called Strike
2-1: Ball
3-1: Foul Ball, location: 2F
3-2: Base on Balls
Steve Brye to second
Batting: RHB Randy Edwards 0-0: Ball
1-0: Called Strike
1-1: Foul Ball, location: 2F
1-2: Fly out, F9 (Flyball, 89D, EV 88.1 MPH)
Bottom of the 17th over - 0 runs, 1 hit, 0 errors, 3 left on base; New York 5 - Minnesota 4
Monday, August 3rd, 2020 - OOTP Baseball 21.5 Build 76